 Dungeon Crawl Stone Soup version 0.26.1-2-gb8aa6d0cf2 (webtiles) character file.

Game seed: 17507539207801261517

123 pokeman the Magician (level 4, -7/25 HPs)
             Began as a Deep Elf Hedge Wizard on Feb 8, 2021.
             Killed by divine providence
             ... invoked by an orc priest
              (16 damage)
             ... on level 3 of the Dungeon.
             The game lasted 00:05:03 (3460 turns).

pokeman the Magician (Deep Elf Hedge Wizard)        Turns: 3460, Time: 00:05:04

Health: -7/25      AC:  4    Str:  7    XL:     4   Next: 79%
Magic:  10/13      EV: 13    Int: 20    God:
Gold:   146        SH:  0    Dex: 14    Spells: 3/14 levels left

rFire    + . .     SeeInvis +   u - +4 quarterstaff (chaos)
rCold    x . .     Faith    .   (shield currently unavailable)
rNeg     . . .     Spirit   .   b - +0 robe
rPois    .         Reflect  .   c - +0 hat
rElec    .         Harm     .   v - +0 cloak
rCorr    .         Rampage  .   g - +0 pair of gloves
Will     .....                  (no boots)
Stlth    ++........             (no amulet)
HPRegen  0.08/turn              p - ring of see invisible
MPRegen  0.13/turn              a - ring of fire

@: no status effects
A: no striking features
a: no special abilities


You were on level 3 of the Dungeon.
You visited 1 branch of the dungeon, and saw 3 of its levels.

You collected 146 gold pieces.

Inventory:

Hand Weapons
 u - a +4 quarterstaff of chaos (weapon)
Missiles
 m - 11 bolts
 s - 21 arrows
Armour
 b - a +0 robe (worn)
 c - a +0 hat (worn)
 g - a +0 pair of gloves (worn)
 v - a +0 cloak (worn)
Jewellery
 a - a ring of fire (right hand)
 p - a ring of see invisible (left hand)
Wands
 t - a wand of digging (4)
Scrolls
 d - a scroll of enchant armour {unknown}
 e - 4 scrolls of identify {unknown}
 h - a scroll of magic mapping {unknown}
 i - 4 scrolls of remove curse {unknown}
 q - a scroll of fear {unknown}
 r - a scroll of enchant weapon {unknown}
Potions
 f - 2 potions of haste {unknown}
 j - a potion of curing {unknown}
 k - a potion of brilliance {unknown}
 l - a potion of degeneration {unknown}
 n - a potion of attraction {unknown}
 o - a potion of lignification {unknown}


   Skills:
 - Level 1.0 Fighting
 - Level 1.0 Armour
 + Level 2.9 Dodging
 - Level 2.4 Stealth
 * Level 5.8 Spellcasting
 + Level 2.4 Conjurations
 - Level 1.1 Summonings
 - Level 1.1 Translocations
 + Level 1.1 Fire Magic


You had 3 spell levels left.
You knew the following spells:

 Your Spells              Type           Power        Failure   Level
a - Magic Dart            Conj           60%          3%          1
b - Mephitic Cloud        Conj/Pois/Air  9%           22%         3
c - Call Imp              Summ           10%          11%         2
d - Blink                 Tloc           N/A          11%         2
e - Conjure Flame         Conj/Fire      19%          16%         3

Your spell library contained the following spells:

 Spells                   Type           Power        Failure   Level
 Summon Small Mammal      Summ           40%          7%          1
 Slow                     Hex            5%           16%         2
 Call Canine Familiar     Summ           10%          21%         3
 Summon Guardian Golem    Hex/Summ       8%           26%         3
 Summon Ice Beast         Ice/Summ       8%           63%         4
 Summon Lightning Spire   Summ/Air       8%           63%         4


Dungeon Overview and Level Annotations

Branches:
Dungeon (3/15)

Altars:
Sif Muna
Trog


Message History

The orc wizard is severely wounded.
You hear a shout!
The orc priest invokes the aid of Beogh against you.
Beogh smites you!
Ouch! That really hurt!
The orc wizard hits you with a cursed -2 dagger.
The orc wizard hits the orc with a +0 dagger.
You hit the orc wizard.
The orc wizard is severely wounded.
You hit the orc wizard. You freeze the orc wizard.
The orc wizard is severely wounded.
The orc wizard stops moving altogether!
An orc comes into view. It is wielding a +0 war axe.
The orc wizard barely misses the orc priest.
The orc wizard hits itself with a +0 dagger.
Unknown command.
The orc priest mumbles some strange prayers to Beogh against you.
Beogh smites you!
Ouch! That really hurt!
You die...

##.†...## ##.###
##.......## ##..#
#.........####...#####
+.........+...........
#.........####...#####
##......>## #..##
##.....## #.## ##...##
#.# ##@## #.# #.# #.#
#o# #.#


#oo ..# .o.# ### o... #..(## ##..# ...# You could see an orc priest, 2 orc
wizards and 2 orcs.

Vanquished Creatures
  Crazy Yiuf (D:3)
  3 adders
  An ooze (D:1)
  A worm (D:2)
  A dart slug (D:1)
  A leopard gecko (D:2)
  4 giant cockroaches
  9 goblins
  11 hobgoblins
  2 jackals (D:2)
  A quokka (D:3)
  10 bats
  3 frilled lizards
  3 kobolds (D:1)
  5 rats
56 creatures vanquished.

Notes
Turn   | Place    | Note
-------+----------+-------------------------------------------
     0 | D:1      | pokeman the Deep Elf Hedge Wizard began the quest for the
                  | Orb.
     0 | D:1      | Reached XP level 1. HP: 10/10 MP: 7/7
   429 | D:1      | Reached XP level 2. HP: 16/16 MP: 5/9
   819 | D:1      | Reached skill level 5 in Spellcasting
  1373 | D:1      | Reached XP level 3. HP: 20/20 MP: 9/11
  1377 | D:1      | Learned a level 3 spell: Mephitic Cloud
  1380 | D:1      | Learned a level 2 spell: Call Imp
  1383 | D:1      | Learned a level 2 spell: Blink
  1387 | D:1      | Learned a level 3 spell: Conjure Flame
  1789 | D:2      | Reached skill level 1 in Fighting
  1962 | D:2      | Reached skill level 1 in Armour
  2500 | D:2      | Found a bloodstained altar of Trog.
  2602 | D:2      | Found a shimmering blue altar of Sif Muna.
  2784 | D:3      | Reached XP level 4. HP: 25/25 MP: 8/13
  3135 | D:3      | Found a runed translucent door.
  3136 | D:3      | Noticed Crazy Yiuf
  3156 | D:3      | Killed Crazy Yiuf
  3157 | D:3      | Reached skill level 1 in Fire Magic
  3460 | D:3      | Killed from afar by an orc priest

Illustrated notes

Levels and vault maps discovered:
D:1:      nagdon_arrival_zigzag_paths, layout_loops_ring,
          chequers_serial_rivers_room_b
D:2:      layout_loops_ring, led_sif_pool, nicolae_overflow_hidden_temple,
          kennysheep_generic_room_2
D:3:      layout_loops_corners, uniq_crazy_yiuf_cottage

Skill      XL: |  1  2  3  4 |
---------------+-------------+-----
Spellcasting   | 5 |  5.8
Fighting       | 1 |  1.0
Conjurations   | 2 |  2.4
Armour         | 1 |  1.0
Fire Magic     | 1 |  1.1
Dodging        | |  2.9
Stealth        | |  2.4
Summonings     | |  1.1
Translocations | |  1.1

Action                   |  1- 3 |  4- 6 || total
-------------------------+-------+-------++-------
Melee: Dagger            |    28 |     3 ||    31
       Quarterstaff      |       |     3 ||     3
 Cast: Magic Dart        |   124 |    35 ||   159
       Mephitic Cloud    |       |     2 ||     2
 Stab: Confused          |       |     1 ||     1
Armor: Robe              |    10 |       ||    10
Dodge: Dodged            |    31 |     2 ||    33
